 Dungeon Crawl Stone Soup version 0.31-a0-237-g2d982f9f85 (webtiles) character file.

Game seed: 1532465705590521764

188 qw the Shooter (level 5, -3/45 HPs)
             Began as a Minotaur Hexslinger on July 11, 2023.
             Slain by an ogre
             ... wielding a +0 giant club
              (15 damage)
             ... on level 4 of the Dungeon.
             The game lasted 00:01:08 (2486 turns).

qw the Shooter (Minotaur Hexslinger)                Turns: 2486, Time: 00:01:09

Health: -3/45      AC:  6    Str: 12    XL:     5   Next: 39%
Magic:  0/5        EV: 11    Int: 10    God:
Gold:   116        SH:  0    Dex: 15    Spells: 5/6 levels left

rFire   . . .        Y - +1 sling
rCold   . . .        (no shield)
rNeg    . . .        e - +0 ring mail
rPois   .            (helmet restricted)
rElec   .            (no cloak)
rCorr   +            (no gloves)
SInv    .            a - +0 pair of boots
Will    +....        n - amulet of guardian spirit
Stlth   +            j - ring of resist corrosion
HPRegen 0.27/turn    k - ring of willpower
MPRegen 0.09/turn

%: guardian spirit
@: about to teleport
A: horns 2, retaliatory headbutt
a: no special abilities


You were on level 4 of the Dungeon.
You visited 2 branches of the dungeon, and saw 5 of its levels.

You collected 116 gold pieces.


Innate Abilities, Weirdness & Mutations

You have a pair of horns on your head.
You reflexively headbutt those who attack you in melee.


   Skills:
 - Level 3.0 Fighting
 + Level 5.5 Ranged Weapons
 - Level 1.0 Armour
 - Level 2.1 Dodging
 - Level 1.0 Spellcasting
 - Level 2.0 Hexes


You had 5 spell levels left.
You knew the following spells:

 Your Spells              Type           Power      Damage    Failure   Level
a - Slow                  Hex            16%        N/A       34%         1

Your spell library contained the following spells:

 Spells                   Type           Power      Damage    Failure   Level
 Inner Flame              Hex/Fire       2%         N/A       83%         3
 Portal Projectile        Hex/Tloc       4%         N/A       83%         3
 Cause Fear               Hex            2%         N/A       98%         4

Inventory:

Hand Weapons
 Y - a +1 sling (weapon)
Armour
 a - a +0 pair of boots (worn)
 d - a +0 pair of gloves
 e - a +0 ring mail (worn)
Jewellery
 j - a ring of resist corrosion (left hand)
 k - a ring of willpower (right hand)
 l - a ring of resist corrosion
 n - an amulet of guardian spirit (around neck)
Scrolls
 h - 3 scrolls of identify
Potions
 b - 2 potions of mutation
 c - a potion of haste
 f - a potion of curing
 i - a potion of enlightenment

Dungeon Overview and Level Annotations

Branches:
Dungeon (4/15)             Temple (1/1) D:4

Altars:
Ashenzari
Dithmenos
Fedhas
Hepliaklqana
Kikubaaqudgha
Makhleb
Nemelex Xobeh
Qazlal
Sif Muna
Uskayaw
Vehumet
Xom
Yredelemnul
Zin

Annotations:
D:3 3 runed translucent doors, qw's ghost, weakling MiHs


Message History

The dart slug is lightly wounded.
You shoot a sling bullet. The sling bullet hits the dart slug.
The dart slug is severely wounded.
You shoot a sling bullet. The sling bullet hits the dart slug.
The dart slug is almost dead.
You shoot a sling bullet. The sling bullet hits the dart slug.
The dart slug is almost dead.
You shoot a sling bullet. The sling bullet hits the dart slug.
You kill the dart slug!
Found a spear.
Enter note:
Enter note: An ogre comes into view. It is wielding a +0 giant club.
The ogre shouts!
You hear an angry hiss.
A ball python comes into view.
Enter note:
Enter note: You shoot a sling bullet.
The sling bullet barely misses the ogre.
You shoot a sling bullet.
The sling bullet closely misses the ogre.
The sling bullet hits the ball python.
You kill the ball python!
The ogre hits you with a +0 giant club!!
You shoot a sling bullet. The sling bullet hits the ogre.
The ogre is lightly wounded.
The ogre hits you with a +0 giant club!
You shoot a sling bullet. The sling bullet hits the ogre.
The ogre is lightly wounded.
You shoot a sling bullet. The sling bullet hits the ogre.
The ogre is moderately wounded.
The ogre hits you with a +0 giant club.
You shoot a sling bullet. The sling bullet hits the ogre.
The ogre is moderately wounded.
The ogre hits you with a +0 giant club.
2486 ||| READING scroll of teleportation.
As you read the scroll of teleportation, it crumbles to dust.
You feel strangely unstable. The ogre hits you with a +0 giant club!
You die...

### #..
######.# #...
..# # #).#
#.###.#
##..###@O.%.#
#........#.....
#...#.#..# ...
#........# .
#..#..#..#
#..#.##..#
#..#.##..# #
#........###.#
#.##.#.#.....


You could see an ogre.

Vanquished Creatures
  A jelly (D:4)
  6 adders
  3 worms
  4 dart slugs
  4 orcs
  5 ball pythons
  7 endoplasms
  4 giant cockroaches
  6 goblins
  3 hobgoblins
  17 jackals
  5 kobolds
  2 quokkas
  3 bats
  4 frilled lizards
  6 rats
80 creatures vanquished.

Notes
Turn   | Place    | Note
-------+----------+-------------------------------------------
     0 | D:1      | qw the Minotaur Hexslinger began the quest for the Orb.
     0 | D:1      | Reached XP level 1. HP: 16/16 MP: 1/1
     0 | D:1      | 0 ||| qw: Version: 0.3-a-52-g30416fa
     0 | D:1      | 0 ||| qw: Game counter: 5655
     0 | D:1      | 0 ||| qw: Melee chars always use a shield: true
     0 | D:1      | 0 ||| qw: God list: Okawaru
     0 | D:1      | 0 ||| qw: Allow faded altars: false
     0 | D:1      | 0 ||| qw: Do Orc after clearing Dungeon:15 true
     0 | D:1      | 0 ||| qw: Do second Lair branch before Depths: true
     0 | D:1      | 0 ||| qw: Lair rune preference: random
     0 | D:1      | 0 ||| qw: Goals: Normal
     0 | D:1      | 0 ||| PLANNING D:1-11
    57 | D:1      | Found a faded altar of an unknown god.
    71 | D:1      | 71 ||| Stepping ~*~*~tactically~*~*~ (outnumbered).
    80 | D:1      | Reached skill level 3 in Ranged Weapons
    80 | D:1      | Reached XP level 2. HP: 15/23 MP: 2/2
   631 | D:1      | Reached XP level 3. HP: 29/29 MP: 3/3
   759 | D:1      | 759 ||| UPGRADING to +0 ring mail.
   769 | D:1      | 769 ||| DROPPING +0 robe.
   770 | D:1      | 770 ||| UPGRADING to ring of resist corrosion.
   771 | D:1      | 771 ||| READING scroll labelled REIJOE AJ NENG.
   772 | D:1      | 772 ||| READING 2 scrolls labelled LIYCSAC NUTIKK.
   773 | D:1      | 773 ||| DRINKING 2 glowing black potions.
   774 | D:1      | 774 ||| DROPPING scroll of poison.
   912 | D:2      | 912 ||| FLEEEEING.
   913 | D:2      | 913 ||| FLEEEEING.
   914 | D:2      | 914 ||| FLEEEEING.
   915 | D:2      | 915 ||| FLEEEEING.
   916 | D:2      | 916 ||| FLEEEEING.
   924 | D:2      | Reached skill level 4 in Ranged Weapons
  1041 | D:2      | Reached skill level 1 in Armour
  1215 | D:2      | 1215 ||| Stepping ~*~*~tactically~*~*~ (outnumbered).
  1320 | D:2      | 1320 ||| UPGRADING to +0 pair of boots.
  1325 | D:2      | 1325 ||| UPGRADING to amulet of guardian spirit.
  1330 | D:2      | 1330 ||| UPGRADING to ring of willpower.
  1331 | D:2      | 1331 ||| READING scroll labelled XOGIOQ LATISEG.
  1332 | D:2      | 1332 ||| READING scroll labelled ZUZOPT OMNEREN.
  1333 | D:2      | 1333 ||| DRINKING 2 fuming dark potions.
  1334 | D:2      | 1334 ||| READING 2 scrolls of identify.
  1334 | D:2      | 1334 ||| IDENTIFYING sapphire potion
  1371 | D:3      | Reached XP level 4. HP: 36/36 MP: 4/4
  1468 | D:3      | Found a runed translucent gate.
  1468 | D:3      | Found a runed translucent gate.
  1468 | D:3      | Found a runed translucent gate.
  1478 | D:3      | Noticed qw's ghost (weakling MiHs)
  1566 | D:3      | Reached skill level 5 in Ranged Weapons
  2016 | D:3      | 2016 ||| READING scroll labelled MORHUA XUCOR.
  2017 | D:3      | 2017 ||| READING scroll labelled JYQEGG VONI.
  2018 | D:3      | 2018 ||| READING 2 scrolls labelled APLITA XEIMOKYS.
  2073 | D:3      | 2073 ||| DRINKING 2 fuming grey potions.
  2074 | D:3      | 2074 ||| DRINKING 2 viscous purple potions.
  2106 | D:3      | 2106 ||| READING 4 scrolls of identify.
  2106 | D:3      | 2106 ||| IDENTIFYING cyan potion
  2107 | D:3      | 2107 ||| DROPPING potion of brilliance.
  2108 | D:3      | 2108 ||| DROPPING potion of lignification.
  2119 | D:4      | Found a staircase to the Ecumenical Temple.
  2120 | D:4      | 2120 ||| PLANNING TEMPLE
  2126 | Temple   | Entered the Ecumenical Temple
  2330 | Temple   | 2330 ||| PLANNING D:1-11
  2374 | D:4      | Reached skill level 3 in Fighting
  2374 | D:4      | Reached XP level 5. HP: 45/45 MP: 5/5
  2479 | D:4      | Noticed an ogre
  2485 | D:4      | HP: 11/45 [ogre/+0 giant club (3)]
  2486 | D:4      | 2486 ||| READING scroll of teleportation.
  2486 | D:4      | Slain by an ogre

Levels and vault maps discovered:
D:1:      dpeg_arrival_ternary, layout_loops_cross, basic_ecumenical_altar
D:2:      layout_basic
D:3:      layout_loops_ring, gammafunk_ghost_necromancy
D:4:      layout_loops_cross, general_overflow_altar, jmf_multi_god_temple2,
          temple_fountains
Temple:   eino_temple_water

Skill      XL: |  1  2  3  4 |
---------------+-------------+-----
Ranged Weapons | 3 4 5 |  5.5
Fighting       | 2 3 |  3.0
Armour         | 1 |  1.0
Dodging        | |  2.1
Spellcasting   | |  1.0
Hexes          | |  2.0

Action                     |  1- 3 |  4- 6 || total
---------------------------+-------+-------++-------
   Fire: Sling             |   146 |   113 ||   259
    Use: Scroll            |     5 |     5 ||    10
         Potion            |     2 |     2 ||     4
 Armour: Robe              |     5 |       ||     5
         Ring mail         |    24 |    30 ||    54
  Dodge: Dodged            |    45 |    55 ||   100

Table legend:
 A = Non-vault XP
 B = Vault XP
 C = Vault XP percentage of total XP
 D = Non-vault monster count
 E = Vault monster count
 F = Vault count percentage of total count
                 A         B        C        D         E       F
            +---------+---------+-------+---------+---------+-------
      Total |     269 |       0 |   0.0 |      80 |       0 |   0.0
            +---------+---------+-------+---------+---------+-------
        D:1 |      44 |       0 |   0.0 |      25 |       0 |   0.0
        D:2 |      46 |       0 |   0.0 |      20 |       0 |   0.0
        D:3 |      96 |       0 |   0.0 |      25 |       0 |   0.0
        D:4 |      83 |       0 |   0.0 |      10 |       0 |   0.0
            +---------+---------+-------+---------+---------+-------
